 Dungeon Crawl Stone Soup version 0.27-a0-1036-g8e1b44f6bd (webtiles) character file.

Game seed: 5149917972728783537

1080 siradein the Jinx (level 8, -2/55 HPs)
             Began as a Vampire Enchanter on Apr 18, 2021.
             Slain by a shadow (10 damage)
             ... on level 6 of the Dungeon.
             The game lasted 00:22:35 (7396 turns).

siradein the Jinx (Vampire Enchanter)               Turns: 7396, Time: 00:22:36

Health: -2/55      AC:  3    Str:  7    XL:     8   Next: 8%
Magic:  5/12       EV: 13    Int: 20    God:
Gold:   190        SH:  0    Dex: 19    Spells: 3/12 levels left

rFire    . . .     SeeInvis +   a - +3 short sword "Loakk" {vamp, rC+ Dex+5}
rCold    + . .     Faith    .   (no shield)
rNeg     . . .     Spirit   .   r - +0 leather armour
rPois    .         Reflect  .   (no helmet)
rElec    .         Harm     .   (no cloak)
rCorr    .         Rampage  .   (no gloves)
Will     .....                  (no boots)
Stlth    +++.......             (no amulet)
HPRegen  0.38/turn              j - ring of flight
MPRegen  0.13/turn              (no ring)

@: flying, regenerating quickly
A: alive, fangs 3, see invisible, unbreathing 1, vampiric 2
a: Exsanguinate


You were on level 6 of the Dungeon.
You visited 1 branch of the dungeon, and saw 6 of its levels.

You collected 190 gold pieces.

Inventory:

Hand Weapons
 a - the +3 short sword "Loakk" (weapon) {vamp, rC+ Dex+5}
   (You found it on level 4 of the Dungeon)

   It inflicts no extra harm, but heals its wielder when it wounds a living foe.
   It affects your dexterity (+5).
   It protects you from cold.
 p - a +2 dagger of venom
Missiles
 k - 28 poisoned darts
Armour
 r - a +0 leather armour (worn)
Jewellery
 j - a ring of flight (left hand)
 l - a ring of fire
Wands
 b - a wand of flame (18)
Scrolls
 c - a scroll of fear
 d - a scroll of fog {unknown}
 e - 2 scrolls of teleportation
 f - a scroll of magic mapping {unknown}
 i - 2 scrolls of blinking {unknown}
 n - a scroll of immolation {unknown}
Potions
 h - 4 potions of curing
 m - a potion of brilliance
 o - a potion of lignification
 q - a potion of haste


   Skills:
 + Level 1.6 Fighting
 + Level 5.7 Short Blades
 + Level 1.5 Armour
 + Level 3.3 Dodging
 + Level 5.8 Stealth
 + Level 2.8 Spellcasting
 * Level 9.4 Hexes


You had 3 spell levels left.
You knew the following spells:

 Your Spells              Type           Power      Damage    Failure   Level
a - Corona                Hex            44%        N/A       1%          1
b - Ensorcelled Hibernat  Hex/Ice        42%        N/A       4%          2
c - Tukima's Dance        Hex            40%        N/A       1%          3
d - Confusing Touch       Hex            40%        N/A       1%          3

Your spell library contained the following spells:

 Spells                   Type           Power      Damage    Failure   Level
 Dazzling Flash           Conj/Hex       42%        N/A       9%          3
 Animate Skeleton         Necr           4%         N/A       22%         1
 Apportation              Tloc           4%         N/A       22%         1
 Sandblast                Erth           4%         2d4       22%         1
 Summon Small Mammal      Summ           8%         N/A       22%         1
 Passwall                 Tmut/Erth      1%         N/A       32%         2
 Stone Arrow              Conj/Erth      4%         3d7       54%         3
 Petrify                  Tmut/Erth      2%         N/A       91%         4
 Lee's Rapid Deconstruct  Erth           1%         3d5*      99%         5


Dungeon Overview and Level Annotations

Branches:
Dungeon (6/15)
 Temple: D:4-7

Altars:
Ashenzari
Cheibriados
Elyvilon
Wu Jian
Zin
The Shining One


Innate Abilities, Weirdness & Mutations

Your natural rate of healing is unusually fast.
You have razor-sharp teeth.
You have supernaturally acute eyesight. (SInv)
You can survive without breathing.
You are afflicted with vampirism and can become a bat while bloodless.


Message History

The shadow is outlined in light.
The shadow hits you!
* * * LOW HITPOINT WARNING * * *
You hit the shadow.
The shadow is moderately damaged.
The shadow hits you.
Casting: Corona (safe; 1% risk of failure)
Confirm with . or Enter, or press ? or * to list all spells.
Aiming: Tukima's Dance (safe; 1% risk of failure)
Press: ? - help, Shift-Dir - straight line, f/p - ogre
Aim: an ogre, wielding a +0 giant club (chance to affect: 76%)
The +0 giant club dances into the air!
The ogre hits you!
* * * LOW HITPOINT WARNING * * *
The shadow closely misses you.
Found 11 gold pieces.
The shadow slips into darkness.
The shadow flickers and vanishes for a moment.
The ogre barely misses you.
The shadow stops glowing.
The shadow strikes at your +0 giant club from the darkness!
The ogre hits your +0 giant club.
Your +0 giant club barely misses the ogre.
The shadow closely misses your +0 giant club.
The shadow hits your +0 giant club.
The ogre hits your +0 giant club!
Your +0 giant club hits the ogre!!
The ogre dies!
Your +0 giant club hits the shadow!
The shadow completely misses your +0 giant club.
Your +0 giant club falls from the air.
The shadow slips into darkness.
The shadow flickers and vanishes for a moment.
Casting: Tukima's Dance (safe; 1% risk of failure)
Confirm with . or Enter, or press ? or * to list all spells.
Aiming: Corona (safe; 1% risk of failure)
Press: ? - help, Shift-Dir - straight line, f - shadow
Aim: a shadow (almost destroyed, slightly transparent, chance to affect: 61%)
The shadow is outlined in light.
You barely miss the shadow.
The shadow is almost destroyed.
The shadow hits you!
You die...

#.. ......+ .# #... .##...#
.# #...####.##...####.####
#.........+...........# #
........#.......)...# #.
......#...........# #.. #..#
#...##############
#...##..###...####.####....#
#......)...W@..#...........#
#..............'...........#
#.$............#...........#
#..............#.........(.+
#..............#...........#
#..............#...........#
#............(.#...........#
#################'###.....##
.... #######


You could see a shadow (invisible, corona).

Vanquished Creatures
  A centaur (D:6)
  An ogre (D:5)
  A bullfrog (D:5)
  A scorpion (D:4)
  A kobold brigand (D:3)
  A bullfrog zombie (D:5)
  3 hounds
  2 jellies (D:5)
  2 orc priests (D:5)
  A bullfrog skeleton (D:5)
  2 orc wizards (D:5)
  An iguana (D:5)
  A gnoll (D:3)
  3 adders
  A shadow imp (D:4)
  A white imp (D:5)
  An adder skeleton (D:4)
  3 worms
  4 dart slugs
  5 orcs
  9 ball pythons
  6 endoplasms
  2 giant cockroaches
  8 hobgoblins
  5 jackals (D:1)
  3 quokkas
  3 bats
  5 frilled lizards
  8 goblins
  4 rats
89 creatures vanquished.

Vanquished Creatures (collateral kills)
  3 ogres
  2 orc priests
  An orc wizard (D:5)
  3 gnolls
  5 orcs
  2 goblins
  A hobgoblin (D:3)
  A kobold (D:4)
  A quokka (D:5)
19 creatures vanquished.

Grand Total: 108 creatures vanquished

Notes
Turn   | Place    | Note
-------+----------+-------------------------------------------
     0 | D:1      | siradein the Vampire Enchanter began the quest for the Orb.
     0 | D:1      | Reached XP level 1. HP: 13/13 MP: 3/3
   405 | D:1      | Reached XP level 2. HP: 17/19 MP: 1/5
   520 | D:1      | Reached skill level 5 in Hexes
   781 | D:1      | Learned a level 2 spell: Ensorcelled Hibernation
  1019 | D:1      | Gained mutation: You are afflicted with vampirism and can
                  | become a bat while bloodless. [Vampire growth]
  1019 | D:1      | Reached XP level 3. HP: 24/24 MP: 6/6
  1853 | D:1      | Learned a level 3 spell: Tukima's Dance
  2302 | D:3      | Found a faded altar of an unknown god.
  2720 | D:3      | Reached skill level 6 in Hexes
  2720 | D:3      | Reached XP level 4. HP: 6/30 MP: 1/7
  3021 | D:3      | Noticed a kobold brigand
  3039 | D:3      | Killed a kobold brigand
  3495 | D:3      | Reached XP level 5. HP: 8/35 MP: 1/8
  4064 | D:3      | Found a broken altar of Ashenzari.
  4067 | D:3      | Found a snail-covered altar of Cheibriados.
  4070 | D:3      | Found an ornate altar of the Wu Jian Council.
  4180 | D:4      | Reached skill level 7 in Hexes
  4857 | D:4      | Reached XP level 6. HP: 41/41 MP: 5/9
  5078 | D:4      | Reached skill level 5 in Short Blades
  5078 | D:4      | Reached skill level 8 in Hexes
  5150 | D:4      | Identified the +3 short sword "Loakk" {vamp, rC+ Dex+5}
  5609 | D:5      | Entered Level 5 of the Dungeon
  5631 | D:5      | Learned a level 3 spell: Confusing Touch
  6015 | D:5      | Reached XP level 7. HP: 44/47 MP: 6/10
  6255 | D:5      | Reached skill level 1 in Fighting
  6255 | D:5      | Reached skill level 1 in Armour
  6255 | D:5      | Reached skill level 5 in Stealth
  6701 | D:5      | Reached skill level 9 in Hexes
  7340 | D:6      | Noticed a shadow
  7347 | D:6      | Reached XP level 8. HP: 30/54 MP: 9/12
  7380 | D:6      | HP: 1/54 [ogre (13)]
  7396 | D:6      | Slain by a shadow

Illustrated notes

Levels and vault maps discovered:
D:1:      dpeg_arrival_rooms_with_view, layout_loops_corners,
          grunt_decor_junction, chequers_garden
D:2:      layout_rooms, minmay_pentomino_q4
D:3:      layout_basic, overflow_temple_1_default, minitemple,
          hellmonk_ecumenical_altar_run_dry, hangedman_feature_mirror
D:4:      layout_basic
D:5:      layout_gridville, elyvilon_altar_3
D:6:      layout_gridville, minmay_temple_entry_junction, uniq_edmund

Skill      XL: |  1  2  3  4  5  6  7 |
---------------+----------------------+-----
Hexes          | 5 6 7 8 9 |  9.4
Short Blades   | 2 3 4 5 |  5.7
Fighting       | 1 |  1.6
Armour         | 1 |  1.5
Stealth        | 5 |  5.8
Dodging        | 3 |  3.3
Spellcasting   | |  2.8

Action                   |  1- 3 |  4- 6 |  7- 9 || total
-------------------------+-------+-------+-------++-------
Melee: Dagger            |   191 |   121 |       ||   312
       Bite              |    14 |    11 |    19 ||    44
       Short sword       |       |    30 |   145 ||   175
 Cast: Corona            |    35 |    11 |     4 ||    50
       Ensorcelled Hiber |    17 |     6 |       ||    23
       Tukima's Dance    |     6 |    19 |    15 ||    40
       Confusing Touch   |       |     4 |    14 ||    18
  Use: Potion            |     3 |       |       ||     3
       Scroll            |       |       |     3 ||     3
 Stab: Sleeping          |    14 |     9 |     1 ||    24
       Confused          |       |     3 |    11 ||    14
       Distracted        |       |       |     1 ||     1
Armor: Robe              |    40 |    12 |     1 ||    53
       Skin              |    10 |       |       ||    10
       Leather armour    |       |       |    16 ||    16
Dodge: Dodged            |   129 |    60 |    88 ||   277

Table legend: (Time is in decaauts)
 A = Elapsed time spent in this place.
 B = Non-inter-level travel time spent in this place.
 C = Inter-level travel time spent in this place.
 D = Time resting spent in this place.
 E = Time spent auto-exploring this place.
 F = Levels seen in this place.
 G = Mean time per level.
                   A        B        C        D        E       F      G
               +--------+--------+--------+--------+--------+-----+--------+
         Total |   7330 |   7032 |    298 |    352 |   5022 |   6 | 1221.7 |
       Dungeon |   7330 |   7032 |    298 |    352 |   5022 |   6 | 1221.7 |
               +--------+--------+--------+--------+--------+-----+--------+

Top non-repeatable levels by time:
     D:3: 1679 daAuts
     D:1: 1675 daAuts
     D:5: 1599 daAuts
     D:4: 1504 daAuts
     D:2: 791 daAuts
     D:6: 80 daAuts
